 Dungeon Crawl Stone Soup version 0.28.0-47-ge53b351184 (webtiles) character file.

Game seed: 7231535115951826290

737 Kangaroobicon the Covert (level 7, -2/56 HPs)
             Began as a Gnoll Brigand on Apr 27, 2022.
             Was an Initiate of Okawaru.
             Slain by an ogre
             ... wielding a +0 giant club
              (26 damage)
             ... on level 5 of the Dungeon.
             The game lasted 00:38:13 (4281 turns).

Kangaroobicon the Covert (Gnoll Brigand)            Turns: 4281, Time: 00:38:13

Health: -2/56      AC:  6    Str: 12    XL:     7   Next: 74%
Magic:  11/11      EV: 13    Int: 11    God:    Okawaru [......]
Gold:   243        SH:  0    Dex: 13    Spells: 11/11 levels left

rFire   . . .      SeeInvis .   h - +4 dagger
rCold   + . .      Faith    .   (no shield)
rNeg    . . .      Spirit   .   b - +0 robe
rPois   +          Reflect  .   y - +0 helmet
rElec   .          Harm     .   c - +0 cloak
rCorr   .          Rampage  .   (no gloves)
Will    .....                   x - +1 pair of boots
Stlth   ++++......              (no amulet)
HPRegen 0.18/turn               g - ring of protection from cold
MPRegen 0.12/turn               n - ring of Uxkul {Wiz *Slow rPois Slay+5}

@: no status effects
A: fangs 1, strong nose, distributed training
a: Renounce Religion


You were on level 5 of the Dungeon.
You worshipped Okawaru.
Okawaru was noncommittal.
You visited 2 branches of the dungeon, and saw 6 of its levels.

You collected 271 gold pieces.
You spent 28 gold pieces at shops.

Inventory:

Hand Weapons
 h - a +4 dagger (weapon)
 u - a +0 dagger of venom
Missiles
 d - 11 poisoned darts (quivered)
 e - 2 curare-tipped darts
 f - 34 arrows
 i - 14 sling bullets
 m - 4 boomerangs
 r - 57 stones
Armour
 b - a +0 robe (worn)
 c - a +0 cloak (worn)
 x - a +1 pair of boots (worn)
 y - a +0 helmet (worn)
Magical Staves
 j - a staff of cold
 s - a staff of death
Jewellery
 g - a ring of protection from cold (left hand)
 n - the ring of Uxkul (right hand) {Wiz *Slow rPois Slay+5}
   (You found it on level 2 of the Dungeon)

   [ring of wizardry]

   It improves your spell success rate.
   Slay:      It affects your accuracy & damage with ranged weapons and melee
   (+5).
   rPois:     It protects you from poison.
   *Slow:     It may slow you when you take damage.
Wands
 v - a wand of flame (17)
Scrolls
 o - a scroll of noise {unknown}
 p - 2 scrolls of immolation {unknown}
 q - 2 scrolls of teleportation {unknown}
 A - a scroll of enchant weapon {unknown}
Potions
 l - a potion of brilliance
 t - 2 potions of curing
 w - a potion of flight
 z - 2 potions of mutation


   Skills:
 + Level 5.3 Fighting
 + Level 5.3 Short Blades
 + Level 2.7 Long Blades
 + Level 2.7 Axes
 + Level 2.7 Maces & Flails
 + Level 2.7 Polearms
 + Level 2.7 Staves
 + Level 2.7 Slings
 + Level 2.7 Bows
 + Level 2.7 Crossbows
 + Level 5.3 Throwing
 + Level 2.7 Armour
 + Level 3.8 Dodging
 + Level 8.3 Stealth
 + Level 2.7 Shields
 + Level 2.7 Unarmed Combat
 + Level 2.7 Spellcasting
 + Level 2.2 Conjurations
 + Level 2.2 Hexes
 + Level 2.2 Summonings
 + Level 2.2 Necromancy
 + Level 2.2 Translocations
 + Level 2.2 Transmutations
 + Level 2.2 Fire Magic
 + Level 2.2 Ice Magic
 + Level 2.2 Air Magic
 + Level 2.2 Earth Magic
 + Level 2.2 Poison Magic
 + Level 3.0 Invocations
 + Level 2.7 Evocations


You had 11 spell levels left.
You didn't know any spells.
Your spell library contained the following spells:

 Spells                   Type           Power      Damage    Failure   Level
 Gell's Gravitas          Tloc           6%         N/A       13%         3
 Lesser Beckoning         Tloc           6%         N/A       13%         3
 Teleport Other           Tloc           6%         N/A       13%         3


Dungeon Overview and Level Annotations

Branches:
Dungeon (5/15)             Temple (1/1) D:4

Altars:
Cheibriados
Hepliaklqana
Kikubaaqudgha
Makhleb
Nemelex Xobeh
Okawaru
Sif Muna
Trog
Uskayaw
Vehumet
Wu Jian
Xom
Yredelemnul

Shops:
D:3 ?


Innate Abilities, Weirdness & Mutations

You have very sharp teeth.
Your uncanny sense of smell can sniff out nearby items.
Your experience applies equally to all skills.


Message History

The hound bites you but does no damage.
You barely miss the hound. You punch the hound, but do no damage.
The hound is severely wounded.
The hound pauses to sniff the ground.
The hound closely misses you.
You closely miss the hound.
The hound is severely wounded.
You hit the hound but do no damage.
The hound is severely wounded.
The hound completely misses you.
You puncture the hound!
You kill the hound!
Okawaru accepts your kill.
You puncture the scorpion zombie!
You destroy the scorpion zombie!
Okawaru accepts your kill.
Your Invocations skill increases to level 3!
You start resting.
Magic restored.
You start resting.
Your extra speed is starting to run out.
You start resting.
You feel yourself slow down.
You start resting.
An ogre is nearby!
An ogre is nearby!
You start resting.
An ogre is nearby!
Throw: 12 darts (poison)
Press: ? - help, Q - select action, (/) - cycle Shift-Dir - straight line, f - ogre
Aim: an ogre, wielding a +0 giant club (79% to hit)
You throw a poisoned dart. The poisoned dart hits the ogre!
The ogre is poisoned.
The ogre completely misses you.
There is an open door here.
The ogre looks more healthy.
You hit the ogre.
The ogre is severely wounded.
The ogre hits you with a +0 giant club!!
You die...

#..........#....#
#........###$...#
#........'.#....#
#........#.#....#
#........#.#....#
##########.#....#
..o #.#....# .o.
#O#(#### .o.o
#@#.# .o.
#.#)#####.#
#.....o.o.####
###.##Z.......
#.##)##.....
#)..).......
#...........
##..........
...........


You could see an ogre.

Vanquished Creatures
  Sigmund (D:3)
  A black bear (D:4)
  An ogre (D:4)
  A howler monkey (D:4)
  2 orc priests (D:5)
  2 hounds (D:5)
  An iguana (D:5)
  2 orc wizards
  Ijyb (D:3)
  A scorpion zombie (D:5)
  5 adders
  An adder skeleton (D:4)
  3 dart slugs (D:1)
  13 orcs
  7 ball pythons
  2 bats
  12 endoplasms
  2 giant cockroaches (D:4)
  6 goblins
  5 hobgoblins
  7 kobolds
  2 quokkas
  4 frilled lizards
  3 rats
85 creatures vanquished.

Notes
Turn   | Place    | Note
-------+----------+-------------------------------------------
     0 | D:1      | Kangaroobicon the Gnoll Brigand began the quest for the
                  | Orb.
     0 | D:1      | Reached XP level 1. HP: 20/20 MP: 1/1
   161 | D:1      | Reached XP level 2. HP: 23/26 MP: 2/2
   284 | D:1      | Found a faded altar of an unknown god.
   302 | D:1      | Reached XP level 3. HP: 30/31 MP: 3/3
   875 | D:2      | Identified the ring of Uxkul {Wiz *Slow rPois Slay+5}
  1109 | D:2      | Reached skill level 1 in Invocations
  1179 | D:2      | Reached skill level 1 in Long Blades
  1179 | D:2      | Reached skill level 1 in Axes
  1179 | D:2      | Reached skill level 1 in Maces & Flails
  1179 | D:2      | Reached skill level 1 in Polearms
  1179 | D:2      | Reached skill level 1 in Staves
  1179 | D:2      | Reached skill level 1 in Slings
  1179 | D:2      | Reached skill level 1 in Bows
  1179 | D:2      | Reached skill level 1 in Crossbows
  1179 | D:2      | Reached skill level 1 in Armour
  1179 | D:2      | Reached skill level 1 in Shields
  1179 | D:2      | Reached skill level 1 in Unarmed Combat
  1179 | D:2      | Reached skill level 1 in Spellcasting
  1179 | D:2      | Reached skill level 1 in Evocations
  1709 | D:3      | Found Monashru's Magic Scroll Shop.
  1714 | D:3      | Reached XP level 4. HP: 32/38 MP: 5/5
  1741 | D:3      | Bought a scroll of identify for 28 gold pieces
  1845 | D:3      | Noticed Ijyb
  1859 | D:3      | Killed Ijyb
  1860 | D:3      | Reached skill level 1 in Conjurations
  1860 | D:3      | Reached skill level 1 in Hexes
  1860 | D:3      | Reached skill level 1 in Summonings
  1860 | D:3      | Reached skill level 1 in Necromancy
  1860 | D:3      | Reached skill level 1 in Translocations
  1860 | D:3      | Reached skill level 1 in Transmutations
  1860 | D:3      | Reached skill level 1 in Fire Magic
  1860 | D:3      | Reached skill level 1 in Ice Magic
  1860 | D:3      | Reached skill level 1 in Air Magic
  1860 | D:3      | Reached skill level 1 in Earth Magic
  1860 | D:3      | Reached skill level 1 in Poison Magic
  2048 | D:3      | Noticed Sigmund
  2061 | D:3      | Killed Sigmund
  2062 | D:3      | Reached skill level 8 in Stealth
  2062 | D:3      | Reached XP level 5. HP: 14/43 MP: 5/7
  2062 | D:3      | Reached XP level 6. HP: 17/50 MP: 5/8
  2691 | D:4      | Reached skill level 5 in Fighting
  2691 | D:4      | Reached skill level 5 in Short Blades
  2691 | D:4      | Reached skill level 5 in Throwing
  2910 | D:4      | Noticed a black bear
  2950 | D:4      | Killed a black bear
  2951 | D:4      | Reached XP level 7. HP: 36/56 MP: 10/10
  3290 | D:4      | Found a staircase to the Ecumenical Temple.
  3666 | D:5      | Entered Level 5 of the Dungeon
  3703 | Temple   | Entered the Ecumenical Temple
  4068 | Temple   | Became a worshipper of Warmaster Okawaru
  4281 | D:5      | Slain by an ogre

Illustrated notes

Levels and vault maps discovered:
D:1:      nicolae_arrival_somewhat_less_tricky_arrival, layout_basic,
          hellmonk_ecumenical_altar_crossroads
D:2:      layout_basic
D:3:      layout_basic, serial_shops, shop, hangedman_abyss_or_decor_stabs,
          uniq_ijyb, uniq_sigmund
D:4:      layout_basic, minmay_temple_entry_from_below_a,
          minmay_fractal_squares_5
D:5:      layout_basic, serial_shops, nicolae_stop_n_shop_2, uniq_grinder
Temple:   mainiacjoe_temple_big_plus

Skill      XL: |  1  2  3  4  5  6  7 |
---------------+----------------------+-----
Invocations    | 1 2 3 |  3.0
Long Blades    | 1 2 |  2.7
Axes           | 1 2 |  2.7
Maces & Flails | 1 2 |  2.7
Polearms       | 1 2 |  2.7
Staves         | 1 2 |  2.7
Slings         | 1 2 |  2.7
Bows           | 1 2 |  2.7
Crossbows      | 1 2 |  2.7
Armour         | 1 2 |  2.7
Shields        | 1 2 |  2.7
Unarmed Combat | 1 2 |  2.7
Spellcasting   | 1 2 |  2.7
Evocations     | 1 2 |  2.7
Conjurations   | 1 2 |  2.2
Hexes          | 1 2 |  2.2
Summonings     | 1 2 |  2.2
Necromancy     | 1 2 |  2.2
Translocations | 1 2 |  2.2
Transmutations | 1 2 |  2.2
Fire Magic     | 1 2 |  2.2
Ice Magic      | 1 2 |  2.2
Air Magic      | 1 2 |  2.2
Earth Magic    | 1 2 |  2.2
Poison Magic   | 1 2 |  2.2
Dodging        | 3 |  3.8
Stealth        | 8 |  8.3
Fighting       | 5 |  5.3
Short Blades   | 5 |  5.3
Throwing       | 5 |  5.3

Action                   |  1- 3 |  4- 6 |  7- 9 || total
-------------------------+-------+-------+-------++-------
Melee: Dagger            |    48 |    72 |    67 ||   187
       Bite              |     4 |     4 |     9 ||    17
       Punch             |       |     1 |     2 ||     3
Throw: Dart              |    19 |     6 |     1 ||    26
  Use: Scroll            |       |     5 |     2 ||     7
       Potion            |       |     1 |     3 ||     4
 Stab: Sleeping          |    14 |     9 |     6 ||    29
Armor: Robe              |     5 |     7 |     9 ||    21
Dodge: Dodged            |    18 |    32 |    19 ||    69
